 Dungeon Crawl Stone Soup version 0.27.0-1-g7a089689b8 (webtiles) character file.

Game seed: 15111309244790847293

289417 sanka the Stormcaller (level 20, -5/135 HPs)
             Began as an Octopode Arcane Marksman on Aug 10, 2021.
             Was the Champion of Okawaru.
             Slain by an orc knight (35 damage)
             ... on level 3 of the Vaults on Aug 11, 2021.
             The game lasted 01:44:23 (45111 turns).

sanka the Stormcaller (Octopode Arcane Marksman)   Turns: 45111, Time: 01:44:24

Health: -5/135     AC: 28    Str:  9    XL:     20   Next: 72%
Magic:  33/34      EV: 48    Int: 24    God:    Okawaru [******]
Gold:   2782       SH:  5    Dex: 22    Spells: 19/39 levels left

rFire    . . .     SeeInvis .     - Unarmed
rCold    . . .     Faith    .   (shield currently unavailable)
rNeg     . . .     Spirit   .   (helmet currently unavailable)
rPois    ∞         Reflect  +   G - amulet of the Prince of Darkness {Reflect rElec Will++ Dex+3 SH+5}
rElec    +         Harm     .   e - +4 ring of protection
rCorr    .         Rampage  .   m - +4 ring of evasion
Will     +++..     Rnd*Tele +   o - +4 ring of evasion
Stlth    +++.......             u - ring of wizardry
HPRegen  0.32/turn              M - +4 ring of slaying
MPRegen  0.24/turn              P - +6 ring of intelligence
                                F - +4 ring of evasion
                                d - +4 ring of protection

@: storm-form, heroic, flying, studying Fighting
A: cleaving, flying, almost no armour, amphibious, 8 rings, (camouflage 1),
(gelatinous body 1), (nimble swimmer 1), (tentacles), teleportitis 1
}: 2/15 runes: serpentine, barnacled
a: Blinkbolt, End Transformation, Renounce Religion, Heroism, Finesse


You were on level 3 of the Vaults.
You worshipped Okawaru.
Okawaru was exalted by your worship.
You were a lightning-filled tempest!
You visited 7 branches of the dungeon, and saw 35 of its levels.
You also visited: Sewer, Ossuary and Gauntlet.

You collected 3790 gold pieces.
You spent 1008 gold pieces at shops.


Innate Abilities, Weirdness & Mutations

You are a lightning-filled tempest!
Your stormy fists strike out in all directions at once.
You are incredibly evasive.
You are flying.
You are immune to poison.
Your armour is entirely melded.
You are incapable of wielding weapons or throwing items.
You cannot wear most types of armour.
You are amphibious.
You can wear up to eight rings at the same time.
((Your skin changes colour to match your surroundings (Stealth+).))
((Your rubbery body absorbs attacks. (AC +1, EV +1)))
((You are camouflaged near water. (Stealth+)))
((You have tentacles for arms and can constrict up to eight enemies at once.))
You are occasionally teleported next to monsters.


   Skills:
 - Level 11.0(16.0) Fighting
 - Level 2.0(7.0) Throwing
 - Level 12.0(17.0) Dodging
 - Level 13.0(18.0) Unarmed Combat
 - Level 10.0 Spellcasting
 - Level 3.0 Hexes
 + Level 18.8 Transmutations
 - Level 6.0 Ice Magic
 + Level 18.8 Air Magic
 - Level 8.0 Invocations


You had 19 spell levels left.
You knew the following spells:

 Your Spells              Type           Power      Damage    Failure   Level
u - Storm Form            Tmut/Air       40%        N/A       1%          7
x - Blade Hands           Tmut           40%        N/A       1%          5
y - Frozen Ramparts       Ice            80%        1d10      1%          3
z - Ice Form              Ice/Tmut       64%        N/A       1%          4
Z - Corona                Hex            28%        N/A       1%          1

Your spell library contained the following spells:

 Spells                   Type           Power      Damage    Failure   Level
 Swiftness                Air            80%        N/A       0%          3
 Freeze                   Ice            100%       1d11      1%          1
 Ensorcelled Hibernation  Hex/Ice        66%        N/A       1%          2
 Passwall                 Tmut/Erth      45%        N/A       1%          2
 Slow                     Hex            26%        N/A       1%          2
 Ignite Poison            Fire/Tmut/Pois 42%        N/A       1%          3
 Mephitic Cloud           Conj/Pois/Air  42%        N/A       1%          3
 Spider Form              Tmut/Pois      27%        N/A       1%          3
 Tukima's Dance           Hex            26%        N/A       1%          3
 Alistair's Intoxication  Tmut/Pois      36%        N/A       1%          5
 Yara's Violent Unravell  Hex/Tmut       29%        3d12      1%          5
 Animate Skeleton         Necr           24%        N/A       2%          1
 Apportation              Tloc           24%        N/A       2%          1
 Magic Dart               Conj           48%        1d5       2%          1
 Pain                     Necr           48%        1d6       2%          1
 Blink                    Tloc           N/A        N/A       3%          2
 Searing Ray              Conj           24%        3d4       3%          2
 Inner Flame              Hex/Fire       19%        N/A       3%          3
 Portal Projectile        Hex/Tloc       38%        N/A       3%          3
 Conjure Flame            Conj/Fire      12%        6-21      6%          3
 Stone Arrow              Conj/Erth      24%        3d8       6%          3
 Vampiric Draining        Necr           6%         2d6       6%          3
 Cause Fear               Hex            13%        N/A       6%          4
 Hailstorm                Conj/Ice       26%        3d7       6%          4
 Summon Ice Beast         Ice/Summ       26%        N/A       6%          4
 Fulminant Prism          Conj/Hex       9%         3d7       12%         4
 Passage of Golubria      Tloc           N/A        N/A       21%         4
 Sticky Flame             Conj/Fire      12%        2d4       21%         4
 Summon Mana Viper        Hex/Summ       19%        N/A       30%         5
 Bolt of Magma            Conj/Fire/Erth 6%         4d6       47%         5
 Excruciating Wounds      Necr           6%         N/A       47%         5
 Manifold Assault         Tloc           12%        N/A       47%         5
 Summon Forest            Summ/Tloc      6%         N/A       47%         5
 Invisibility             Hex            13%        N/A       65%         6
 Simulacrum               Ice/Necr       13%        N/A       65%         6
 Shadow Creatures         Summ           N/A        N/A       95%         6
 Necromutation            Tmut/Necr      27%        N/A       95%         8
 Borgnjor's Revivificati  Necr           6%         N/A       100%        8
 Chain Lightning          Conj/Air       27%        3d36      100%        9
 Death's Door             Necr           6%         N/A       100%        9
 Fire Storm               Conj/Fire      6%         8d2       100%        9
 Shatter                  Erth           6%         3d9*      100%        9

Inventory:

Hand Weapons
 V - a +2 short sword of distortion
 Y - the +7 lajatang of Order {silver, rMut}

   It inflicts extra damage upon those it strikes, and deals substantially
   increased damage to chaotic, mutated and magically transformed beings.
   rMut:      It protects you from mutation.
Missiles
 p - 8 curare-tipped darts {=f}
 y - 6 throwing nets {=f}
 C - 17 javelins
 T - 56 silver javelins
Armour
 j - a +2 hat of intelligence (melded)
Magical Staves
 a - a staff of air (melded) {!a}
 I - a staff of poison
Jewellery
 d - a +4 ring of protection (on tentacle)
 e - a +4 ring of protection (left tentacle)
 f - a ring of willpower
 m - a +4 ring of evasion (right tentacle)
 o - a +4 ring of evasion (on tentacle)
 u - a ring of wizardry (on tentacle)
 F - a +4 ring of evasion (on tentacle)
 G - the amulet of the Prince of Darkness (around neck) {Reflect rElec Will++ Dex+3 SH+5}

   [amulet of reflection]

   It reflects blocked missile attacks.
   Dex:       It affects your dexterity (+3).
   rElec:     It insulates you from electricity.
   SH:        It affects your SH (+5).
   Will:      It greatly increases your willpower.
 M - a +4 ring of slaying (on tentacle)
 P - a +6 ring of intelligence (on tentacle)
 U - the ring of Usig {Str+6 Int-5 Dex+6}

   [ring of strength]

   Str:       It affects your strength (+6).
   Int:       It affects your intelligence (-5).
   Dex:       It affects your dexterity (+6).
 W - a ring of resist corrosion
 X - a ring of protection from cold
Wands
 v - a wand of digging (7)
 S - a wand of acid (10)
 Z - a wand of iceblast (15)
Scrolls
 b - 5 scrolls of identify {@r1}
 c - 12 scrolls of teleportation {@r4}
 n - 10 scrolls of blinking
 x - 7 scrolls of fear
 z - 3 scrolls of magic mapping
 D - 4 scrolls of silence {!r}
 E - 11 scrolls of fog
 J - 3 scrolls of summoning
Potions
 g - 14 potions of haste {@q3}
 h - 5 potions of lignification {unknown}
 i - a potion of ambrosia {unknown}
 k - 6 potions of berserk rage {!q}
 l - a potion of resistance
 q - 7 potions of might
 r - 4 potions of cancellation {unknown}
 s - 7 potions of brilliance {unknown}
 t - 4 potions of magic {unknown}
 A - 17 potions of curing {@q1}
 B - 2 potions of flight {unknown}
 H - 14 potions of attraction {unknown}
 K - a potion of experience {unknown}
 N - 3 potions of invisibility
 Q - 4 potions of mutation {!q}
 R - 6 potions of degeneration {unknown}

Dungeon Overview and Level Annotations

Branches:
Dungeon (15/15)            Temple (0/1) D:4            Lair (6/6) D:8
 Shoals (4/4) Lair:2        Snake (4/4) Lair:4        Slime (0/5) Lair:6
    Orc (2/2) D:12            Elf (0/3) Orc:2        Vaults (3/5) D:14
  Crypt (0/3) Vaults:2     Depths (1/5) D:15          Sewer (visited)
Ossuary (visited)         Gauntlet (visited)

Altars:
Fedhas
Gozag
Hepliaklqana
Kikubaaqudgha
Okawaru
Vehumet
Wu Jian
Xom
Yredelemnul
The Shining One
Beogh

Shops:
D:2 *   D:4 (   D:12 !   D:15 *(   Orc:2 ?!:[(   Shoals:2 (   Shoals:4 [
Snake:1 *   Vaults:2 !

Portals:
Trove: D:10 (give 15 potions of curing)

Annotations:
Shoals:4 sanka's ghost, adept DEBr
Snake:2 3 runed translucent doors, trm's ghost, adept DsCj
Vaults:3 14 runed doors

▒▒▒▒▒▒▒▒▒ ▒...........▒
.+.▒.▒.▒▒▒▒'▒▒▒'▒▒▒▒▒▒▒
▒.▒.▒..'..........
▒.▒.▒▒)▒..........
▒.▒..†.▒..+++++++++
▒.'▒▒▒▒▒..+ +...(..▒..+
▒+▒▒▒)▒▒..+ ▒...8v.▒..+
▒.'.▒▒8▒▒▒..+ ▒


▒oo ▒.▒ ▒.' ▒.▒ ▒▒ You could see 2 orc knights, a crystal guardian (strong) and
a war gargoyle (strong, catching breath).


Message History

The peacekeeper completely misses you.
Unknown command.
You hit the peacekeeper but do no damage.
The peacekeeper is severely damaged.
You buffet the crystal guardian!
The orc knight completely misses you. The crystal guardian misses you.
The peacekeeper completely misses you. The peacekeeper completely misses you.
You batter the peacekeeper!!
You destroy the peacekeeper!
Okawaru accepts your kill.
You hit the crystal guardian but do no damage.
The orc knight hits you from afar with a +2 bardiche of protection!!!
* * * LOW HITPOINT WARNING * * *
The war gargoyle launches metal splinters at you.
The spray of metal splinters misses you.
The orc knight misses you.
The crystal guardian completely misses you.
The orc knight closely misses you. The orc knight completely misses you.
The crystal guardian misses you.
Unknown command.
You blast the war gargoyle!!!
You punch the war gargoyle.
The war gargoyle is almost destroyed.
You hit the crystal guardian but do no damage.
The war gargoyle closely misses you.
The orc knight hits you from afar with a +2 bardiche of protection!!
You die...

Action                   |  1- 3 |  4- 6 |  7- 9 | 10-12 | 13-15 | 16-18 | 19-21 || total
-------------------------+-------+-------+-------+-------+-------+-------+-------++-------
Melee: Unarmed           |    80 |       |   254 |   500 |  1237 |   737 |   417 ||  3225
       Constrict         |    21 |    21 |    61 |    45 |    20 |     6 |       ||   174
       Tentacles         |    17 |     9 |    67 |    59 |    21 |    10 |       ||   183
       Spear             |    32 |   113 |    61 |       |       |       |       ||   206
       Punch             |     1 |     1 |    14 |    22 |    11 |    60 |    42 ||   151
       Great mace        |       |       |    20 |       |       |       |       ||    20
       Staff             |       |       |       |       |       |    18 |     8 ||    26
Throw: Javelin           |       |     5 |       |     8 |       |       |       ||    13
       Throwing net      |       |     1 |     1 |       |       |       |       ||     2
       Dart              |       |       |    21 |    17 |     3 |       |       ||    41
 Cast: Ice Form          |       |       |       |    19 |    71 |     6 |       ||    96
       Frozen Ramparts   |       |       |       |     3 |    10 |     2 |       ||    15
       Blade Hands       |       |       |       |       |     3 |       |       ||     3
       Storm Form        |       |       |       |       |       |    57 |    40 ||    97
Invok: Heroism           |       |       |    13 |    32 |    32 |     8 |     5 ||    90
       Finesse           |       |       |       |       |     1 |     1 |       ||     2
 Abil: End Transformatio |       |       |       |     1 |       |     1 |       ||     2
Evoke: Wand              |       |       |       |     1 |     4 |       |       ||     5
  Use: Scroll            |       |     4 |       |     5 |     4 |     4 |     1 ||    18
       Potion            |       |     3 |       |     3 |     2 |     2 |     5 ||    15
 Stab: Sleeping          |     9 |     6 |     8 |     4 |     2 |     1 |     1 ||    31
       Held in net/web   |       |       |     1 |       |       |       |       ||     1
       Distracted        |       |       |     1 |       |     1 |       |       ||     2
       Invisible         |       |       |       |       |     2 |       |       ||     2
       Petrifying        |       |       |       |       |     1 |       |       ||     1
       Petrified         |       |       |       |       |       |     3 |       ||     3
Armor: Skin              |    32 |    16 |    27 |    63 |   151 |    98 |    75 ||   462
Dodge: Dodged            |    73 |    77 |   266 |   437 |  1165 |   841 |   529 ||  3388
Block: Other             |       |       |       |       |   217 |   137 |   106 ||   460
       Reflection        |       |       |       |       |     5 |    22 |    18 ||    45

Levels and vault maps discovered:
D:1:      saegor_arrival_fortress, layout_loops_ring,
          shapermc_ecumenical_altar_flowoftime
D:2:      layout_loops_corners, serial_shops, nicolae_shop_crystal,
          minmay_misc_feat_nine_boxes
D:3:      layout_basic, kennysheep_okawaru_gauntlet, portal_sewer_entry_f
D:4:      layout_cave_pools, gammafunk_temple_overflow_claw, temple_green,
          hellmonk_ghost_happy_afterlife, serial_shops, kennysheep_mini_moat,
          amcnicky_mini_corridor_feature
D:5:      layout_gridville, lemuel_zombie_altar_kikubaaqudgha,
          nicolae_ossuary_entry_monument
D:6:      layout_rooms, fedhas_altar_decomposition, minmay_liquid_box,
          minmay_misc_feat_room, uniq_prince_ribbit1
D:7:      layout_basic, serial_bayou_pond_d, grunt_decor_cap, uniq_maggie
D:8:      layout_basic, lair_entry_dummy, uniq_joseph, uniq_psyche,
          uniq_gastronok, uniq_grum
D:9:      layout_loops_ring, mainiacjoe_overflow_24_doors,
          minmay_unpleasant_kobolds
D:10:     layout_loops_ring, mainiacjoe_overflow_cross_hatched,
          lemuel_doored_altar, nicolae_trove_entry_crystal, uniq_sonja,
          uniq_urug, uniq_maurice, uniq_josephine
D:11:     layout_roguey, minmay_joined_circles
D:12:     layout_loops_ring, hiddenorc2_lemuel, serial_shops,
          nicolae_shop_temple_entry_statues_fountains
D:13:     layout_roguey
D:14:     layout_stronghold, david_vaults_2, hangedman_decor_diamond_cutter,
          hellmonk_guarded_unrand_vines
D:15:     hangedman_depths_entry_civil_slaughter, layout_loops_ring,
          serial_shops, nicolae_lakefront_shop, minmay_misc_feat_encased,
          nicolae_elemental_shop, hangedman_weighted_door, uniq_kirke
Lair:1:   layout_loops_ring, nicolae_quartered_pool_medium, minivault_19,
          beast_lair_carwin_8, minmay_lair_oklob_chamber, serial_bayou_shore_b
Lair:2:   layout_cave_shapes, elwin_shoals_entry_rocks, gauntlet_entry_generic
Lair:3:   layout_layer_cave
Lair:4:   layout_loops_ring, minmay_snake_entry_six_corridors, uniq_nessos
Lair:5:   layout_misc_corridors, grunt_megastairs_5
Lair:6:   minmay_lair_end_enchanted_forest, layout_regular_city,
          minmay_slime_entry_eyes, serial_bayou_lagoon_a, minivault_23,
          chequers_serial_rivers_room_a, serial_bayou_lagoon_b
Shoals:1: layout_shoals, uniq_frances
Shoals:2: layout_shoals, nicolae_shop_firing_range, uniq_ilsuiw
Shoals:3: nzn_motion_control, layout_shoals, nicolae_shoals_this_corrosion
Shoals:4: shoals_end_simple, layout_shoals, gammafunk_ghost_grave, serial_shops,
          shop, nicolae_shoals_undead_eyrie
Snake:1:  layout_grid_shapes, serial_shops, shop, lemuel_fruit_tree
Snake:2:  layout_cave_town, gammafunk_ghost_necromancy, st_stairs_9,
          grunt_megastairs_3, uniq_aizul
Snake:3:  layout_honeycomb, nicolae_coiled_stairwell_up, uniq_vashnia
Snake:4:  johnstein_snake_rune_scales, layout_rooms, gammafunk_ghost_necromancy,
          serial_bayou_shore_b
Orc:1:    layout_caves
Orc:2:    kennysheep_orc_mage_school, layout_diamond_mine, serial_shops,
          nicolae_shop_overgrown_old_shop
Vaults:1: v_misc_26, nicolae_vaults_halls_meeting, v_alt_pattern_6,
          vaults_standard_mumra_x, nicolae_vaults_little_squares_2,
          serial_ice_m, hangedman_vaults_maws, vaults_room_fours,
          nicolae_vaults_gold_heap, layout_vaults_chaotic_city
Vaults:2: hangedman_vaults_slice, vaults_mumra_chevron,
          nicolae_vaults_angled_halls, v_pattern_3,
          minmay_crypt_entry_simple_walls, nicolae_vaults_network_s,
          nicolae_vaults_big_angled_halls, vaults_dpeg_diagonal,
          nicolae_vaults_little_squares_6, layout_vaults_omnigrid, serial_shops,
          nicolae_shop_trees
Vaults:3: hangedman_vaults_stitches, hangedman_vaults_slice,
          nicolae_vaults_network_quincunx
          [nicolae_vaults_network_quincunx_subvault,
          nicolae_vaults_network_quincunx_subvault,
          nicolae_vaults_network_quincunx_subvault,
          nicolae_vaults_network_quincunx_subvault,
          nicolae_vaults_network_quincunx_subvault], vaults_door_vault,
          nicolae_vaults_network_barrier, nicolae_vaults_big_ls,
          vaults_room_stairs_pillars, vaults_room_stairs_pillars,
          layout_vaults_maze_snakey
Depths:1: layout_big_octagon, grunt_pan_entry_in_and_out,
          abyss_entry_flame_altar, hell_entry, serial_shops,
          nicolae_shop_behind_doors, shop, nicolae_diamond_shop,
          nicolae_inconvenience_store, nicolae_shop_trees, minmay_microvault

Notes
Turn   | Place    | Note
-------+----------+-------------------------------------------
     0 | D:1      | sanka the Octopode Arcane Marksman began the quest for the
                  | Orb.
     0 | D:1      | Reached XP level 1. HP: 13/13 MP: 2/2
   188 | D:1      | Reached skill level 1 in Unarmed Combat
   188 | D:1      | Reached XP level 2. HP: 4/18 MP: 3/3
  1201 | D:1      | Reached XP level 3. HP: 23/23 MP: 4/4
  1207 | D:1      | Found a faded altar of an unknown god.
  1710 | D:2      | Reached skill level 3 in Dodging
  2103 | D:2      | Found Dygaudumm's General Store.
  2377 | D:3      | Reached XP level 4. HP: 28/28 MP: 5/5
  2394 | D:3      | Found an iron altar of Okawaru.
  2418 | D:3      | Reached skill level 4 in Dodging
  2424 | D:3      | Became a worshipper of Warmaster Okawaru
  2611 | D:3      | Found a glowing drain.
  2629 | Sewer    | Entered a sewer
  2730 | Sewer    | Noticed a kobold brigand
  2730 | Sewer    | Noticed a kobold brigand
  2740 | Sewer    | HP: 1/28 [poisoned by a kobold brigand (curare-tipped
                  | dart)]
  2745 | Sewer    | Killed a kobold brigand
  2746 | Sewer    | Reached skill level 5 in Dodging
  2746 | Sewer    | Reached XP level 5. HP: 24/33 MP: 6/6
  2751 | Sewer    | Killed a kobold brigand
  2752 | Sewer    | Reached XP level 6. HP: 25/38 MP: 7/7
  3004 | Sewer    | Reached skill level 6 in Dodging
  3528 | D:4      | Noticed an ice beast
  3537 | D:3      | Reached skill level 7 in Dodging
  3537 | D:3      | Reached XP level 7. HP: 43/43 MP: 8/8
  3605 | D:4      | Reached * piety under Okawaru
  3675 | D:4      | Reached skill level 1 in Invocations
  3684 | D:4      | Reached skill level 2 in Invocations
  3787 | D:4      | Found an ornate altar of the Wu Jian Council.
  3787 | D:4      | Found a glowing golden altar of the Shining One.
  3787 | D:4      | Found a basalt altar of Yredelemnul.
  3812 | D:4      | Reached skill level 8 in Dodging
  3823 | D:4      | Reached skill level 3 in Invocations
  3962 | D:4      | Found a staircase to the Ecumenical Temple.
  4000 | D:4      | Found a runed translucent door.
  4000 | D:4      | Noticed Lochraine's ghost (novice DjFE)
  4045 | D:4      | Reached XP level 8. HP: 48/48 MP: 10/10
  4064 | D:4      | Found Copheir's Weapon Shoppe.
  4145 | D:4      | Reached skill level 4 in Invocations
  4145 | D:4      | Reached skill level 2 in Unarmed Combat
  4457 | D:2      | Bought a potion of heal wounds for 65 gold pieces
  4457 | D:2      | Bought a potion of curing for 39 gold pieces
  4523 | D:5      | Entered Level 5 of the Dungeon
  4603 | D:5      | Reached skill level 3 in Unarmed Combat
  4656 | D:5      | Reached skill level 4 in Unarmed Combat
  4662 | D:5      | Found an ancient bone altar of Kikubaaqudgha.
  4725 | D:5      | Reached ** piety under Okawaru
  4726 | D:5      | Reached skill level 5 in Unarmed Combat
  4869 | D:5      | Reached skill level 6 in Unarmed Combat
  4900 | D:5      | Found a sand-covered staircase.
  4911 | Ossuary  | Entered an ossuary
  4911 | Ossuary  | Noticed a wraith
  4911 | Ossuary  | Noticed a wraith
  4911 | Ossuary  | Noticed a wraith
  5095 | Ossuary  | Noticed a wraith
  5105 | Ossuary  | Killed a wraith
  5106 | Ossuary  | Reached XP level 9. HP: 52/53 MP: 12/12
  5203 | D:5      | Reached skill level 7 in Unarmed Combat
  5587 | D:6      | Noticed Prince Ribbit
  5677 | D:5      | Killed Prince Ribbit
  5678 | D:5      | Reached skill level 8 in Unarmed Combat
  5738 | D:6      | Reached skill level 9 in Unarmed Combat
  5907 | D:6      | Reached *** piety under Okawaru
  6025 | D:6      | Found a blossoming altar of Fedhas.
  6249 | D:6      | Received a gift from Okawaru
  6257 | D:6      | Reached skill level 10 in Unarmed Combat
  6264 | D:6      | Reached skill level 2 in Fighting
  6350 | D:7      | Reached skill level 3 in Fighting
  6421 | D:7      | Reached XP level 10. HP: 61/63 MP: 13/13
  6518 | D:7      | Reached skill level 4 in Fighting
  6745 | D:7      | Reached skill level 5 in Fighting
  6849 | D:7      | Identified +0 steam dragon scales
  6849 | D:7      | Noticed Maggie
  6862 | D:7      | Killed Maggie
  7306 | D:8      | Noticed Joseph
  7330 | D:8      | Killed Joseph
  7331 | D:8      | Reached skill level 6 in Fighting
  7444 | D:8      | Noticed Psyche
  7470 | D:8      | Killed Psyche
  7470 | D:8      | Received a gift from Okawaru
  7500 | D:8      | Learned a level 4 spell: Ice Form
  7504 | D:8      | Learned a level 3 spell: Frozen Ramparts
  7508 | D:8      | Found a staircase to the Lair.
  7580 | D:8      | Noticed Grum
  7602 | D:8      | Reached skill level 1 in Transmutations
  7602 | D:8      | Reached skill level 1 in Ice Magic
  7608 | D:8      | Killed Grum
  7612 | D:8      | Reached **** piety under Okawaru
  7677 | D:8      | Reached skill level 2 in Spellcasting
  7777 | D:8      | Identified +0 steam dragon scales
  7778 | D:8      | Reached skill level 2 in Transmutations
  7778 | D:8      | Reached skill level 2 in Ice Magic
  8520 | D:8      | Noticed Gastronok
  8564 | D:8      | Killed Gastronok
  8565 | D:8      | Reached skill level 4 in Spellcasting
  8565 | D:8      | Reached skill level 4 in Transmutations
  8565 | D:8      | Reached skill level 4 in Ice Magic
  8565 | D:8      | Reached XP level 11. HP: 36/72 MP: 17/17
  9426 | D:9      | Reached ***** piety under Okawaru
  9481 | D:9      | Found a hazy altar of Hepliaklqana.
 10023 | D:10     | Entered Level 10 of the Dungeon
 10037 | D:10     | Found an opulent altar of Gozag.
 10116 | D:10     | Reached skill level 5 in Transmutations
 10116 | D:10     | Reached skill level 5 in Ice Magic
 10354 | D:10     | Found a shimmering altar of Xom.
 10359 | D:10     | Noticed Maurice
 10370 | D:10     | Killed Maurice
 10370 | D:10     | Received a gift from Okawaru
 10524 | D:10     | Noticed Sonja
 10525 | D:10     | Noticed Sonja
 10525 | D:10     | Sonja changed into Sonja the basilisk
 10533 | D:10     | Killed Sonja the basilisk
 10574 | D:10     | Noticed a two-headed ogre
 10592 | D:10     | Killed a two-headed ogre
 10593 | D:10     | Reached skill level 6 in Transmutations
 10593 | D:10     | Reached skill level 6 in Ice Magic
 10806 | D:11     | Noticed a cyclops
 10815 | D:11     | Killed a cyclops
 11116 | D:11     | Noticed a deep elf pyromancer
 11117 | D:11     | Noticed a wolf spider
 11128 | D:11     | Killed a wolf spider
 11326 | D:11     | Killed a deep elf pyromancer
 11327 | D:11     | Reached skill level 9 in Dodging
 11427 | D:11     | Reached skill level 7 in Fighting
 11493 | D:11     | Reached XP level 12. HP: 81/81 MP: 18/18
 11515 | D:11     | Noticed a boulder beetle
 11520 | D:11     | Reached skill level 11 in Unarmed Combat
 11527 | D:11     | Killed a boulder beetle
 11702 | D:11     | Received a gift from Okawaru
 11843 | D:11     | Identified the +0 pair of gloves of Nah Sila {Harm Str+4}
 12049 | D:11     | Learned a level 5 spell: Blade Hands
 12200 | D:10     | Found a portal to a secret trove of treasure.
 12339 | D:10     | Noticed Urug
 12393 | D:10     | Killed Urug
 12394 | D:10     | Reached skill level 7 in Transmutations
 12546 | D:10     | Identified a +0 robe of resistance
 12546 | D:10     | Noticed Josephine
 12563 | D:10     | Killed Josephine
 12917 | Lair:1   | Entered Level 1 of the Lair of Beasts
 12946 | Lair:1   | Reached skill level 8 in Transmutations
 13012 | Lair:1   | Reached skill level 8 in Fighting
 13124 | Lair:1   | Reached skill level 10 in Dodging
 13336 | Lair:1   | Identified the -2 pair of boots "Ijace" {rPois rC+ rCorr
                  | Dex+4}
 13665 | Lair:1   | Reached XP level 13. HP: 90/90 MP: 19/19
 13671 | Lair:1   | Received a gift from Okawaru
 13822 | Lair:1   | Reached skill level 9 in Fighting
 13856 | Lair:1   | Reached skill level 12 in Unarmed Combat
 13988 | Lair:2   | Found a staircase to the Shoals.
 14095 | Lair:2   | Found a gate leading to a gauntlet.
 14108 | Gauntlet | Entered a Gauntlet
 14108 | Gauntlet | Found a transporter.
 14248 | Gauntlet | Found a transporter.
 14261 | Gauntlet | Found a transporter.
 14265 | Gauntlet | Found a transporter.
 14283 | Gauntlet | Found a transporter.
 14296 | Gauntlet | Found a transporter.
 14309 | Gauntlet | Found a transporter.
 14328 | Gauntlet | Found a transporter.
 14330 | Gauntlet | Found a transporter.
 14334 | Gauntlet | Found a runed translucent door.
 14334 | Gauntlet | Found a runed translucent door.
 14338 | Gauntlet | Found a transporter.
 14359 | Gauntlet | Found a transporter.
 14363 | Gauntlet | Found a transporter.
 14543 | Gauntlet | Identified the amulet of the Prince of Darkness {Reflect
                  | rElec Will++ Dex+3 SH+5}
 14575 | Gauntlet | Reached skill level 5 in Invocations
 14588 | Gauntlet | Reached skill level 6 in Invocations
 14746 | Gauntlet | Noticed a minotaur
 14752 | Gauntlet | Found the +7 lajatang of Order {silver, rMut}
 14755 | Gauntlet | Killed a minotaur
 14914 | Lair:1   | Reached skill level 7 in Invocations
 15197 | Lair:1   | Reached skill level 8 in Invocations
 15197 | Lair:1   | Reached skill level 11 in Dodging
 15975 | Lair:3   | Reached skill level 10 in Fighting
 16314 | Lair:3   | Received a gift from Okawaru
 16628 | Lair:3   | Reached XP level 14. HP: 99/99 MP: 16/20
 16872 | Lair:3   | Reached skill level 11 in Fighting
 17370 | Lair:4   | Learned a level 7 spell: Storm Form
 17483 | Lair:4   | Found a staircase to the Snake Pit.
 17495 | Lair:4   | Reached skill level 1 in Air Magic
 17504 | Lair:4   | Received a gift from Okawaru
 17636 | Lair:4   | Noticed Nessos
 17638 | Lair:4   | Noticed Nessos
 17638 | Lair:4   | Nessos changed into Nessos the raiju
 17643 | Lair:4   | Killed Nessos the raiju
 17685 | Lair:4   | Reached skill level 2 in Air Magic
 17945 | Lair:4   | Reached skill level 13 in Unarmed Combat
 18300 | Lair:5   | Reached ****** piety under Okawaru
 18301 | Lair:5   | Reached skill level 3 in Air Magic
 18723 | Lair:5   | Reached skill level 12 in Dodging
 18725 | Lair:5   | Reached skill level 4 in Air Magic
 19091 | Lair:6   | Entered Level 6 of the Lair of Beasts
 19171 | Lair:6   | Reached skill level 5 in Air Magic
 19208 | Lair:6   | Reached skill level 9 in Transmutations
 19211 | Lair:6   | Identified the +0 hat of Otorir {rCorr Dex+3} (Okawaru
                  | gifted it to you on level 6 of the Lair of Beasts)
 19211 | Lair:6   | Received a gift from Okawaru
 19329 | Lair:6   | Found a staircase to the Slime Pits.
 19366 | Lair:6   | Reached skill level 6 in Air Magic
 19554 | Lair:6   | Reached skill level 7 in Air Magic
 19976 | Lair:6   | Reached skill level 8 in Air Magic
 20084 | Lair:6   | Reached XP level 15. HP: 94/106 MP: 18/21
 20115 | Lair:6   | Reached skill level 10 in Transmutations
 21193 | D:4      | Killed Lochraine's ghost
 21412 | D:12     | Reached skill level 9 in Air Magic
 21690 | D:12     | Found Bevatuo's Distillery.
 21697 | D:12     | Bought a potion of curing for 39 gold pieces
 21782 | D:12     | Identified the +2 halberd "Beast's Funeral" {antimagic, rN+
                  | Will++} (Okawaru gifted it to you on level 12 of the
                  | Dungeon)
 21782 | D:12     | Received a gift from Okawaru
 21873 | D:12     | Found a staircase to the Orcish Mines.
 21874 | D:12     | Identified the amulet "Cezozo" {Acrobat rElec Dex+2 Slay+3}
 22454 | Orc:1    | Entered Level 1 of the Orcish Mines
 22475 | Orc:1    | Reached skill level 10 in Air Magic
 22627 | Orc:1    | Identified a +0 robe of the Archmagi
 22813 | Orc:2    | Entered Level 2 of the Orcish Mines
 23048 | Orc:2    | Found a staircase to the Elven Halls.
 23049 | Orc:2    | Found Rintih's Antique Weapon Shop.
 23427 | Orc:2    | Found Zust's Antique Armour Shoppe.
 23449 | Orc:2    | Found a radiant altar of Vehumet.
 23449 | Orc:2    | Noticed Erolcha
 23462 | Orc:2    | Found Daujir's Distillery.
 23476 | Orc:2    | Killed Erolcha
 23617 | Orc:2    | Noticed Nergalle
 23628 | Orc:2    | Killed Nergalle
 23631 | Orc:2    | Found an ancient bone altar of Kikubaaqudgha.
 23638 | Orc:2    | Reached skill level 11 in Transmutations
 23675 | Orc:2    | Found Potsew's Magic Scroll Shoppe.
 23757 | Orc:2    | Found Iclaf's Book Emporium.
 24153 | Orc:1    | Identified the -3 hat of Caelot {Int+4} (Okawaru gifted it
                  | to you on level 1 of the Orcish Mines)
 24153 | Orc:1    | Received a gift from Okawaru
 24295 | Orc:2    | Reached skill level 11 in Air Magic
 24546 | D:13     | Identified +0 acid dragon scales
 24775 | D:13     | Identified the +9 rapier of Demnosyu {flame, Contam Str+4
                  | Dex+6}
 25480 | D:14     | Identified a +0 robe of the Archmagi
 25652 | D:14     | Noticed a thorn hunter
 25662 | D:14     | Killed a thorn hunter
 25754 | D:14     | Reached skill level 12 in Air Magic
 25853 | D:14     | Reached XP level 16. HP: 103/112 MP: 13/22
 25956 | D:14     | Found the +2 robe of Vines {NoPotionHeal Regen+++}
 26574 | D:14     | Reached skill level 12 in Transmutations
 26664 | D:14     | Reached skill level 5 in Spellcasting
 26691 | D:14     | Received a gift from Okawaru
 26937 | D:14     | Found a gate to the Vaults.
 27092 | D:15     | Entered Level 15 of the Dungeon
 27103 | D:15     | Reached skill level 6 in Spellcasting
 27463 | D:15     | Reached skill level 7 in Spellcasting
 27651 | D:15     | Noticed Kirke
 27664 | D:15     | Killed Kirke
 27839 | D:15     | Found Yqicuvoly's Elemental Accessories.
 28003 | D:15     | Reached skill level 8 in Spellcasting
 28149 | D:15     | Found Plog's Weapon Boutique.
 28178 | D:15     | Found a staircase to the Depths.
 28649 | Snake:1  | Entered Level 1 of the Snake Pit
 28851 | Snake:1  | Received a gift from Okawaru
 29189 | Snake:1  | Found Sejunt's General Store.
 29476 | Snake:1  | Reached skill level 13 in Transmutations
 29496 | Snake:1  | Reached skill level 13 in Air Magic
 29638 | Snake:1  | Identified the +4 dagger of Proximity {holy, Str+3}
 29670 | Snake:2  | Reached XP level 17. HP: 104/117 MP: 24/29
 30158 | Snake:2  | Received a gift from Okawaru
 30317 | Snake:2  | Noticed Aizul
 30318 | Snake:2  | Identified the +10 quarterstaff "Leso" {flame, +Blink Will-
                  | Int+3 SInv}
 30332 | Snake:2  | Killed Aizul
 30395 | Snake:2  | Found a runed translucent gate.
 30395 | Snake:2  | Found a runed translucent gate.
 30396 | Snake:2  | Found a runed translucent gate.
 30404 | Snake:2  | Noticed trm's ghost (adept DsCj)
 30649 | Snake:2  | Received a gift from Okawaru
 31343 | Snake:3  | Received a gift from Okawaru
 31344 | Snake:3  | Reached skill level 14 in Transmutations
 31344 | Snake:3  | Reached skill level 14 in Air Magic
 31826 | Snake:3  | Noticed Vashnia
 31845 | Snake:3  | Killed Vashnia
 32480 | Snake:4  | Entered Level 4 of the Snake Pit
 32636 | Snake:4  | Found a runed translucent gate.
 32636 | Snake:4  | Found a runed translucent gate.
 32637 | Snake:4  | Found a runed translucent gate.
 32647 | Snake:4  | Noticed Romunoh's ghost (adept SpBr)
 32683 | Snake:4  | Received a gift from Okawaru
 33101 | Snake:4  | Identified the +1 buckler of Benyllure {Contam rElec rF-
                  | Dex+8} (Okawaru gifted it to you on level 4 of the Snake
                  | Pit)
 33101 | Snake:4  | Received a gift from Okawaru
 33106 | Snake:4  | Reached skill level 9 in Spellcasting
 33133 | Snake:4  | Reached XP level 18. HP: 116/124 MP: 21/31
 33278 | Snake:4  | Got a serpentine rune of Zot
 33378 | Snake:4  | Reached skill level 15 in Transmutations
 33380 | Snake:4  | Reached skill level 15 in Air Magic
 33393 | Snake:4  | Killed Romunoh's ghost
 33399 | Snake:4  | Identified the ring of Usig {Str+6 Int-5 Dex+6}
 33848 | Depths:1 | Entered Level 1 of the Depths
 33848 | Depths:1 | Noticed a lich
 33854 | Depths:1 | Killed a lich
 34137 | Shoals:1 | Entered Level 1 of the Shoals
 34152 | Shoals:1 | Reached skill level 10 in Spellcasting
 34268 | Shoals:1 | Gained mutation: You are frail. (-10% HP) [mutagenic glow]
 34277 | Shoals:1 | Gained mutation: Your muscles are strong. (Str +2)
                  | [mutagenic glow]
 34288 | Shoals:1 | Gained mutation: You are dopey. (Int -2) [mutagenic glow]
 34324 | Shoals:1 | Gained mutation: You are occasionally teleported next to
                  | monsters. [mutagenic glow]
 34339 | Shoals:1 | Gained mutation: You tend to lose your temper in combat.
                  | [mutagenic glow]
 34952 | Orc:2    | Bought a potion of mutation for 112 gold pieces
 34952 | Orc:2    | Bought a potion of might for 56 gold pieces
 34952 | Orc:2    | Bought a potion of berserk rage for 70 gold pieces
 34952 | Orc:2    | Lost mutation: Your muscles are strong. (Str +2) [potion of
                  | mutation]
 34952 | Orc:2    | Lost mutation: You are dopey. (Int -2) [potion of mutation]
 34952 | Orc:2    | Lost mutation: You tend to lose your temper in combat.
                  | [potion of mutation]
 34952 | Orc:2    | Gained mutation: You sometimes lose the ability to read
                  | scrolls when taking damage. [potion of mutation]
 34952 | Orc:2    | Gained mutation: You are partially covered in iridescent
                  | scales. (AC +2) [potion of mutation]
 34953 | Orc:2    | Lost mutation: You are frail. (-10% HP) [potion of
                  | mutation]
 34953 | Orc:2    | Lost mutation: You are partially covered in iridescent
                  | scales. (AC +2) [potion of mutation]
 34953 | Orc:2    | Lost mutation: You sometimes lose the ability to read
                  | scrolls when taking damage. [potion of mutation]
 35517 | Shoals:1 | Noticed Frances
 35524 | Shoals:1 | Killed Frances
 35761 | Shoals:1 | Identified the +1 buckler of the Meadowlark {Regen+ rCorr
                  | Int+2 Slay-2} (Okawaru gifted it to you on level 1 of the
                  | Shoals)
 35761 | Shoals:1 | Received a gift from Okawaru
 35892 | Shoals:2 | Found Dysuuqod's Firing Range.
 36158 | Shoals:2 | Noticed Ilsuiw
 36165 | Shoals:2 | Killed Ilsuiw
 37074 | Shoals:3 | Reached skill level 16 in Transmutations
 37074 | Shoals:3 | Reached skill level 16 in Air Magic
 38210 | Shoals:4 | Entered Level 4 of the Shoals
 38216 | Shoals:4 | Reached XP level 19. HP: 94/128 MP: 26/33
 38221 | Shoals:4 | Received a gift from Okawaru
 38784 | Shoals:4 | Found Zohon's Armour Boutique.
 39233 | Shoals:4 | Got a barnacled rune of Zot
 39510 | Shoals:4 | Found a runed translucent door.
 39511 | Shoals:4 | Noticed sanka's ghost (adept DEBr)
 39678 | Shoals:4 | Received a gift from Okawaru
 40498 | Depths:1 | Reached skill level 17 in Transmutations
 40502 | Depths:1 | Reached skill level 17 in Air Magic
 40626 | Vaults:1 | Entered Level 1 of the Vaults
 41437 | Vaults:1 | Received a gift from Okawaru
 41917 | Vaults:2 | Found Ugeusil's Distillery.
 41923 | Vaults:2 | Bought a potion of haste for 190 gold pieces
 41923 | Vaults:2 | Bought a potion of haste for 190 gold pieces
 41923 | Vaults:2 | Bought a potion of haste for 190 gold pieces
 41923 | Vaults:2 | Bought a potion of curing for 57 gold pieces
 42253 | Vaults:2 | Received a gift from Okawaru
 42556 | Vaults:2 | Found a staircase to the Crypt.
 42862 | Vaults:2 | Reached XP level 20. HP: 135/135 MP: 27/34
 43296 | Vaults:1 | Reached skill level 18 in Transmutations
 43296 | Vaults:1 | Reached skill level 18 in Air Magic
 44675 | Vaults:3 | Received a gift from Okawaru
 45042 | Vaults:3 | Found a huge runed gate.
 45042 | Vaults:3 | Found a huge runed gate.
 45042 | Vaults:3 | Found a huge runed gate.
 45042 | Vaults:3 | Found a huge runed gate.
 45042 | Vaults:3 | Found a huge runed gate.
 45043 | Vaults:3 | Found a huge runed gate.
 45044 | Vaults:3 | Found a huge runed gate.
 45044 | Vaults:3 | Found a huge runed gate.
 45045 | Vaults:3 | Found a huge runed gate.
 45048 | Vaults:3 | Found a huge runed gate.
 45048 | Vaults:3 | Found a huge runed gate.
 45048 | Vaults:3 | Found a huge runed gate.
 45048 | Vaults:3 | Found a huge runed gate.
 45048 | Vaults:3 | Found a huge runed gate.
 45109 | Vaults:3 | HP: 4/135 [orc knight (49)]
 45111 | Vaults:3 | Slain by an orc knight

Vanquished Creatures
  Vashnia (Snake:3)
  A lich (Depths:1)
  Gastronok (D:8)
  2 krakens
  A thorn hunter (D:14)
  Frances (Shoals:1)
  A tengu reaver (Vaults:1)
  An ancient champion (Vaults:2)
  6 nagarajas
  Kirke (D:15)
  Ilsuiw (Shoals:2)
  A fire giant (Vaults:1)
  The ghost of Romunoh the Fetichist, an adept SpBr of Gozag (Snake:4)
  3 vault wardens (Vaults:1)
  8 ironbound preservers
  Aizul (Snake:2)
  An orc warlord (Vaults:3)
  4 very ugly things (Vaults:1)
  A vampire knight (Vaults:2)
  2 dire elephants (Vaults:2)
  A minotaur (Gauntlet)
  8 merfolk impalers
  8 merfolk javelineers
  Josephine (D:10)
  2 crystal guardians (Vaults:3)
  5 yaktaur captains
  An ettin (D:15)
  3 ironbound thunderhulks
  A great orb of eyes (Vaults:1)
  Erolcha (Orc:2)
  12 anacondas
  13 naga warriors
  6 boulder beetles
  9 hydras
  2 peacekeepers (Vaults:3)
  An ogre mage (D:14)
  4 ironbound frosthearts
  3 vault guards (Vaults:1)
  6 merfolk aquamancers
  3 salamander tyrants (Snake:4)
  4 merfolk avatars
  4 catoblepae
  5 two-headed ogres
  4 tengu warriors
  12 centaur warriors
  3 death yaks (Lair:5)
  15 naga sharpshooters
  A satyr (Shoals:4)
  2 ironbound beastmasters
  Urug (D:10)
  5 shock serpents
  A soul eater (Vaults:2)
  Nergalle (Orc:2)
  10 sea snakes
  2 salamander mystics
  2 iron trolls (Depths:1)
  25 deep trolls
  7 naga ritualists
  3 orc knights
  2 wizards
  3 necromancers
  3 deep elf pyromancers
  11 ironbound convokers
  22 harpies
  3 lindwurms (Vaults:3)
  15 ugly things
  4 oklob plants
  10 orc sorcerers
  A wolf spider (D:11)
  7 mana vipers
  A human zombie (Vaults:1)
  18 manticores
  8 salamanders
  A spectral shock serpent (Snake:4)
  A faun (Shoals:2)
  26 slime creatures
  5 cyclopes
  7 merfolk sirens
  Joseph (D:8)
  A fire giant skeleton (Vaults:1)
  4 guardian serpents
  An eye of devastation (Lair:6)
  16 naga magi
  9 elephants
  An apocalypse crab (Gauntlet)
  Maurice (D:10)
  38 black mambas
  5 water nymphs
  8 vault sentinels
  3 centaur skeletons (D:15)
  2 gargoyles
  The ghost of Lochraine the Magician, a novice DjFE (D:4)
  Maggie (D:7)
  2 rime drakes (Lair:6)
  A cane toad (shapeshifter) (D:14)
  A kobold demonologist (D:11)
  An efreet (D:13)
  20 cane toads
  10 yaktaurs
  Psyche (D:8)
  9 komodo dragons
  A tengu conjurer (Depths:1)
  A freezing wraith (D:14)
  3 harpy zombies (Shoals:4)
  6 meliai (D:14)
  6 trolls
  20 merfolk
  7 wind drakes
  35 blink frogs
  Prince Ribbit (D:5)
  3 hornets
  3 polar bears
  13 snapping turtles
  7 dream sheep
  A raiju (Lair:4)
  A meliai zombie (D:11)
  14 flying skulls (Gauntlet)
  A spectral black mamba (Snake:4)
  A shadow (D:10)
  A shock serpent simulacrum (Snake:4)
  2 salamander simulacra (Snake:4)
  An elf zombie (Vaults:1)
  10 spriggans (Lair:6)
  7 water elementals
  35 yaks
  11 wraiths
  7 hogs (D:15)
  5 wyverns
  3 basilisks
  A hog (shapeshifter) (D:13)
  Grum (D:8)
  A steam dragon (D:8)
  4 vampire mosquitoes
  3 wargs
  33 nagas
  A floating eye (Lair:6)
  A spectral hornet (D:15)
  17 water moccasins
  3 acid dragons
  21 orc warriors
  2 ice beasts
  A manticore zombie (Shoals:4)
  6 black bears
  2 sky beasts
  8 boggarts
  13 ogres
  27 wolves
  5 necrophages (D:6)
  A human skeleton (Vaults:1)
  11 centaurs
  3 phantoms
  An elf simulacrum (Vaults:1)
  7 kobold brigands
  14 bullfrogs
  A glowing shapeshifter simulacrum (Vaults:1)
  A wyvern zombie (D:6)
  A water moccasin zombie (D:6)
  A gnoll sergeant (D:13)
  5 scorpions
  A water moccasin skeleton (D:6)
  A spectral naga (Snake:4)
  A killer bee (D:11)
  3 howler monkeys
  2 jellies
  2 bullfrog zombies (D:6)
  8 centaur zombies
  3 naga simulacra (Snake:4)
  7 hounds
  17 orc priests
  36 orc wizards
  3 iguanas
  13 hell rats (Lair:6)
  A killer bee zombie (D:9)
  A mummy (Ossuary)
  4 gnolls (D:13)
  A howler monkey skeleton (D:4)
  6 adders
  2 white imps
  2 worms
  2 dart slugs
  107 orcs
  7 ball pythons
  2 bat zombies
  10 endoplasms
  5 giant cockroaches
  5 goblins
  10 hobgoblins
  2 jackals (D:5)
  25 kobolds
  6 quokkas
  3 training dummies (Shoals:2)
  A ball python zombie (D:1)
  8 bats
  3 frilled lizards
  6 gnoll skeletons (Ossuary)
  A jackal zombie (D:1)
  6 kobold skeletons (Ossuary)
  13 orc skeletons (Ossuary)
  5 rats
  A rat zombie (D:5)
  A bush (D:6)
  4 tentacles
1270 creatures vanquished.

Vanquished Creatures (others)
  A naga (Snake:1)
  2 boggarts
  2 orc wizards (Orc:2)
  2 bushes (D:6)
  27 fungi
  141 plants
  4 tentacles
  2 withered plants (Shoals:4)
181 creatures vanquished.

Grand Total: 1451 creatures vanquished
